 Dungeon Crawl Stone Soup version 0.18.1-48-g4cf74bf (webtiles) character file.

23 Eukament the Conjurer (level 2, 0/18 HPs)
             Began as a High Elf Conjurer on Aug 6, 2016.
             Succumbed to an adder's poison
             ... on level 2 of the Dungeon.
             The game lasted 00:11:01 (751 turns).

Eukament the Conjurer (High Elf Conjurer)            Turns: 751, Time: 00:11:02

Health: 0/18       AC:  2    Str:  7    XL:     2   Next: 75%
Magic:  5/6        EV: 12    Int: 18    God:
Gold:   46         SH:  0    Dex: 13    Spells: 1 memorised, 5 levels left

rFire  . . .     SeeInvis .     h - wand of acid (2/15)
rCold  . . .     Gourm    .     a - +0 robe
rNeg   . . .     Faith    .     (no shield)
rPois  .         Spirit   .     (helmet restricted)
rElec  .         Dismiss  .     (no cloak)
rCorr  .         Reflect  .     (no gloves)
SustAt .         Harm     .     (no boots)
MR     .....     Rnd*Rage +     (no amulet)
Stlth  ++........               (no ring)
                                (no ring)

@: lethally poisoned (0 -> -1), not resistant to hostile enchantments,
unstealthy
A: antennae 1, berserk 1, clumsy 1
a: no special abilities


You were on level 2 of the Dungeon.
You were full.

You visited 1 branch of the dungeon, and saw 2 of its levels.

You collected 46 gold pieces.

Inventory:

Missiles
 f - 3 steel javelins (quivered)
Armour
 a - a +0 robe (worn)
Wands
 h - a wand of acid (2/15) (in hand)
Scrolls
 d - a scroll of remove curse
Books
 b - a book of Conjurations

   Spells                             Type                      Level
   a - Magic Dart                     Conjuration                  1
   b - Searing Ray                    Conjuration                  2
   c - Dazzling Spray                 Conjuration/Hexes            3
   d - Fulminant Prism                Conjuration/Hexes            4
   e - Iskenderun's Mystic Blast      Conjuration                  4
   f - Iskenderun's Battlesphere      Conjuration/Charms           5
Comestibles
 c - a bread ration


   Skills:
 + Level 0.4 Fighting
 + Level 2.5 Dodging
 + Level 2.2 Stealth
 + Level 2.6 Spellcasting
 + Level 4.9 Conjurations


You had 5 spell levels left.
You knew the following spells:

 Your Spells              Type           Power        Failure   Level  Hunger
a - Magic Dart            Conj           ###.         1%          1    #......


Dungeon Overview and Level Annotations

Branches:
Dungeon (2/15)

Altars:
Zin


Innate Abilities, Weirdness & Mutations

You have a pair of small antennae on your head.
You tend to lose your temper in combat.
You are clumsy. (Dex -2)


Message History

Zapping:
h - a wand of acid (will waste charges)
Press: ? - help, Shift-Dir - straight line, f - kobold
Aim: a kobold, wielding a club The bolt of acid hits the kobold.
The acid corrodes the kobold!
You kill the kobold!
Evoking this partially-identified wand wasted a few charges.
* * * LOW HITPOINT WARNING * * *
You feel sick.
* * * LOW HITPOINT WARNING * * *
You feel sick.
There is an open door here.
* * * LOW HITPOINT WARNING * * *
You feel sick.
There is a fountain of clear blue water here.
Drop what? 6/52 slots (_ for help) (? for menu, Esc to quit)
Okay, then.
Unknown command.
You spend a moment contemplating the meaning of life.
There is a fountain of clear blue water here.
You die...

#.....#########....#
########.....#
#....#
#........)...#
#....#
#.######.....#
###### #.#
###################
#.#
#........).........
#.#
#.####.####.####.#
#.#
#.#⌠.#.#..+.+..#.#
#.#
#.#@.#.#..#.#..#.#
#.#
#.##'#.##'#.##'#.##'
#.#
#...................
#.#
#.##+#.##+#.##'#.##+
#.#
#.#..#.#..#.#..#.#
#.#
#.#K.+.+w.#.#..+.+
#.#
#.####.####.####.#
#.# #........ ... ..
#.# ##.####### ###
##


There were no monsters in sight!

Vanquished Creatures
  2 adders (D:2)
  A dart slug (D:2)
  A hobgoblin (D:2)
  A goblin (D:2)
  A kobold (D:2)
6 creatures vanquished.

Notes
Turn   | Place    | Note
--------------------------------------------------------------
     0 | D:1      | Eukament the High Elf Conjurer began the quest for the Orb.
     0 | D:1      | Reached XP level 1. HP: 11/11 MP: 4/4
    51 | D:2      | Reached XP level 2. HP: 3/17 MP: 0/6
   480 | D:2      | Found a glowing silver altar of Zin.
   733 | D:2      | Gained mutation: You have a pair of small antennae on your head. [potion of mutation]
   733 | D:2      | Gained mutation: You are clumsy. (Dex -2) [potion of mutation]
   733 | D:2      | Gained mutation: You tend to lose your temper in combat. [potion of mutation]
   751 | D:2      | Succumbed to an adder's poison

Action                   || total
-------------------------++-------
Melee: Unarmed           ||    14
 Cast: Magic Dart        ||    16
Evoke: Wand              ||     1
  Use: Scroll            ||     3
       Potion            ||     1
  Eat: Bread ration      ||     1
Armor: Robe              ||     2
Dodge: Dodged            ||    23
